 Dungeon Crawl Stone Soup version 0.24.0-1-gfbc8707 (webtiles) character file.

Game seed: 13269942385860648049, levelgen mode: deterministic

1654 Fang the Skirmisher (level 9, -6/57 HPs)
             Began as a Gargoyle Berserker on Nov 1, 2019.
             Was an Elder of Trog.
             Hit by a large rock thrown by a cyclops (10 damage)
             ... on level 6 of the Dungeon.
             The game lasted 00:04:26 (4003 turns).

Fang the Skirmisher (Gargoyle Berserker)            Turns: 4003, Time: 00:04:26

Health: -6/57      AC: 24    Str: 25    XL:     9   Next: 0%
Magic:  9/9        EV:  8    Int:  7    God:    Trog [****..]
Gold:   349        SH:  0    Dex:  9    Spells: 8/8 levels left

rFire    . . .     SeeInvis .   a - +0 war axe
rCold    . . .     Gourm    .   (no shield)
rNeg     + . .     Faith    .   b - +0 plate armour
rPois    ∞         Spirit   .   (no helmet)
rElec    +         Reflect  .   f - +1 cloak
rCorr    .         Harm     .   s - +2 pair of gloves
MR       ++...                  (no boots)
Stlth    ..........             (no amulet)
HPRegen  1.19/turn              i - +6 ring of slaying
MPRegen  0.11/turn              (no ring)

@: berserk cooldown, regenerating, slowed, very slow
A: negative energy resistance 1, electricity resistance, unbreathing,
petrification resistance, rot immunity, AC +6
a: Berserk, Trog's Hand, Brothers in Arms, Renounce Religion


You were on level 6 of the Dungeon.
You worshipped Trog.
Trog was greatly pleased with you.
You were very hungry.

You visited 1 branch of the dungeon, and saw 6 of its levels.

You collected 349 gold pieces.

Inventory:

Hand Weapons
 a - a +0 war axe (weapon)
Armour
 b - a +0 plate armour (worn)
 f - a +1 cloak (worn)
 s - a +2 pair of gloves (worn)
Jewellery
 i - a +6 ring of slaying (left hand)
Wands
 o - a wand of paralysis (17)
Scrolls
 d - 8 scrolls of identify {unknown}
 g - 4 scrolls of remove curse {unknown}
 k - a scroll of enchant weapon {unknown}
 l - 3 scrolls of teleportation {unknown}
 m - 2 scrolls of random uselessness {unknown}
 t - a scroll of amnesia {unknown}
Potions
 e - 8 potions of curing {unknown}
 h - a potion of magic {unknown}
 j - a potion of lignification {unknown}
 n - 2 potions of degeneration {unknown}
 p - a potion of might {unknown}
 q - a potion of heal wounds {unknown}
Comestibles
 c - 10 rations


   Skills:
 * Level 7.0 Fighting
 * Level 5.8 Axes
 + Level 6.3 Armour
 - Level 4.5 Dodging
 + Level 1.1 Stealth


You had 8 spell levels left.
You didn't know any spells.
Your spell library was empty.

Dungeon Overview and Level Annotations

Branches:
Dungeon (6/15)
 Temple: D:4-7

Altars:
Okawaru
Uskayaw

Shops:
D:5 (


Innate Abilities, Weirdness & Mutations

You are resistant to torment.
Your stone body is resilient. (AC +6)
You are immune to poison.
You resist negative energy. (rN+)
You are resistant to electric shocks. (rElec)
You can survive without breathing.
You are immune to petrification.
You are immune to rotting.


Message History

The cyclops shouts!
Items here: )) [ † a +0 mace; a +0 leather armour; a +0 falchion; an orc corpse You butcher the orc corpse.
The cyclops throws a large rock.
The large rock hits you!!
* * * LOW HITPOINT WARNING * * *
Items here: % ( )) [ ÷
Things that are here:
a +0 scimitar; a +0 chain mail; an orc corpse Your skin crawls.
You feel resistant to hostile enchantments.
You are feeling very hungry.
The cyclops throws a large rock.
The large rock hits you but does no damage.
You see here a large rock.
The cyclops throws a large rock.
The large rock hits you!
* * * LOW HITPOINT WARNING * * *
You see here a large rock.
The cyclops throws a large rock.
The large rock hits you!
You die...

#.<.#.# ## #..#
.......... #..#
......#... #..#
.#...... . #..#
#.##...... #
#..# . .##### #.
#..# . .#
####.#### #..#
.. .#
#.......### #..#
#.....@((.###..#
#.......#..##.>#
#.......##))...#
#......C#)(##.##
#.........###.#
..........# #.#
######.#### #.#
#. #.# #.#


You could see a cyclops.

Vanquished Creatures
  2 orc warriors
  An ice beast (D:6)
  A phantom (D:4)
  A black bear (D:4)
  A centaur (D:6)
  3 ogres
  Blork the orc (D:5)
  2 hounds
  4 orc wizards
  5 orc priests
  2 iguanas
  3 jellies
  4 worker ants (D:4)
  3 gnolls (D:3)
  10 adders
  2 adder skeletons (D:4)
  2 worms
  2 dart slugs
  2 leopard geckos (D:4)
  20 orcs
  10 bats
  14 giant cockroaches
  5 goblins
  8 hobgoblins
  3 jackals (D:3)
  5 kobolds
  2 quokkas
  4 frilled lizards
  A leopard gecko skeleton (D:4)
  12 rats
135 creatures vanquished.

Notes
Turn   | Place    | Note
-------+----------+-------------------------------------------
     0 | D:1      | Fang the Gargoyle Berserker began the quest for the Orb.
     0 | D:1      | Reached XP level 1. HP: 14/14 MP: 1/1
   331 | D:1      | Reached XP level 2. HP: 19/19 MP: 2/2
   886 | D:2      | Reached XP level 3. HP: 18/23 MP: 3/3
  1122 | D:2      | Reached ** piety under Trog
  1279 | D:2      | Reached XP level 4. HP: 27/29 MP: 4/4
  1627 | D:3      | Reached skill level 4 in Fighting
  1769 | D:3      | Reached *** piety under Trog
  1815 | D:3      | Reached XP level 5. HP: 33/33 MP: 5/5
  1818 | D:3      | Paralysed by an orc for 5 turns
  1876 | D:3      | Reached XP level 6. HP: 26/39 MP: 6/6
  2063 | D:3      | Found an iron altar of Okawaru.
  2284 | D:4      | Noticed a phantom
  2291 | D:4      | Killed a phantom
  2291 | D:4      | Reached skill level 5 in Fighting
  2291 | D:4      | Reached XP level 7. HP: 44/44 MP: 7/7
  2442 | D:4      | Reached **** piety under Trog
  2782 | D:4      | Reached skill level 5 in Armour
  2925 | D:5      | Entered Level 5 of the Dungeon
  2966 | D:5      | Found Bixaone's Weapon Shoppe.
  3093 | D:5      | Reached XP level 8. HP: 49/51 MP: 8/8
  3128 | D:5      | Noticed Blork the orc
  3133 | D:5      | Killed Blork the orc
  3212 | D:5      | Reached skill level 6 in Fighting
  3212 | D:5      | Reached skill level 5 in Axes
  3532 | D:5      | Found a hide-covered altar of Uskayaw.
  3989 | D:6      | Reached skill level 7 in Fighting
  3989 | D:6      | Reached skill level 1 in Stealth
  3991 | D:6      | Reached XP level 9. HP: 51/57 MP: 9/9
  3994 | D:6      | Noticed a cyclops
  4002 | D:6      | HP: 2/57 [cyclops/large rock (17)]
  4003 | D:6      | Hit by a large rock thrown by a cyclops

Levels and vault maps discovered:
D:1:      minmay_arrival_wavy_path, layout_basic, serial_forest,
          infiniplex_forest_straight_3, infiniplex_forest_clump_long,
          infiniplex_forest_lined_room_, infiniplex_forest_zigzag_2,
          solitary_fountain
D:2:      minmay_roachtagon, layout_basic, minmay_fountain_box,
          minmay_misc_feat_tower
D:3:      layout_rooms, lemuel_coloured_pillars_altar
D:4:      layout_cave_pods
D:5:      layout_loops_cross, old_standard_altar, first_ration, serial_shops,
          shop_coins, uniq_blork_the_orc
D:6:      layout_loops_ring, cheibrodos_ashenzari_chains,
          minmay_temple_entry_mini_moons, serial_shops, shop_statue,
          uniq_duvessa

Skill      XL: |  1  2  3  4  5  6  7  8 |
---------------+-------------------------+-----
Axes           | 3 4 5 |  5.8
Dodging        | 2 3 4 |  4.5
Armour         | 3 4 5 6 |  6.3
Fighting       | 4 5 7 |  7.0
Stealth        | 1 |  1.1

Action                   |  1- 3 |  4- 6 |  7- 9 || total
-------------------------+-------+-------+-------++-------
Melee: Hand axe          |    92 |   110 |   107 ||   309
       War axe           |       |       |    21 ||    21
Invok: Berserk           |       |     1 |     2 ||     3
       Trog's Hand       |       |       |     1 ||     1
 Stab: Sleeping          |       |     1 |       ||     1
  Eat: Chunk             |     1 |     4 |     7 ||    12
Armor: Animal skin       |    41 |    60 |    30 ||   131
       Plate armour      |       |       |    35 ||    35
Dodge: Dodged            |    67 |    72 |    63 ||   202
